AoeStats
← 初晴

Nomad

509694691Analyzed
4v4 RM · 4d ago on Sep 27, 2026· 38m 6s· 8 players
Game mode
Random Map
Map size
231×231
Population
200
Speed
Normal
Resources
Standard
Victory
Conquest
Starting age
Dark Age
Ending age
Imperial Age
RankedLock teamsTeams togetherTeam positionsShared explorationLock speedFull tech treeHidden civsTurbo modeCheats
Victory
Defeat
🇨🇳 Persians · China
1642
+10
🇨🇳 Vietnamese · China
1638
+10
🇹🇼 Romans · Taiwan
1523
+14
🇨🇳 Portuguese · China
1177
+27
🇦🇷 Khmer · Argentina
1572
-19
🇹🇼 Japanese · Taiwan
1502
-16
🇮🇩 Slavs · Indonesia
1462
-15
🇦🇷 Georgians · Argentina
1384
-11
No_English
4:53 Loom
14:06 Feudal Age
14:44 Double-Bit Axe
15:14 Gold Mining
21:47 Castle Age
20:21 Horse Collar
22:36 Town Watch
24:15 Bow Saw
24:58 Heavy Plow
26:29 Scale Mail Armor
28:44 Wheelbarrow
30:04 Chain Mail Armor
33:25 Hand Cart
35:33 Squires
37:07 Yasama
37:34 Fletching
37:06 Elite Skirmisher
Kant be real
7:03 Loom
11:46 Feudal Age
19:16 Castle Age
17:48 Double-Bit Axe
18:57 Bloodlines
19:04 Scale Barding Armor
20:18 Bow Saw
19:31 Light Cavalry
20:41 Chain Barding Armor
25:07 Forging
29:02 Gold Mining
29:18 Pikeman
Embege
3:50 Loom
13:15 Feudal Age
17:08 Castle Age
16:09 Scale Barding Armor
16:57 Bloodlines
18:10 Double-Bit Axe
22:07 Bow Saw
28:33 Wheelbarrow
28:40 Gold Mining
30:01 Gold Shaft Mining
29:18 Horse Collar
30:07 Heavy Plow
32:16 Hand Cart
32:11 Stone Mining
32:37 Padded Archer Armor
32:53 Hand Cart
32:49 Forging
32:39 Scale Mail Armor
35:26 Imperial Age
34:48 Iron Casting
33:49 Pikeman
34:29 Squires
35:29 Chain Mail Armor
35:37 Halberdier
37:19 Blast Furnace
36:23 Druzhina
36:44 Conscription
35:51 Capped Ram
37:48 Plate Mail Armor
38:36 Two-Man Saw
Potu
7:14 Loom
14:02 Feudal Age
16:15 Fishing Lines
16:23 Double-Bit Axe
19:07 Castle Age
17:14 Fletching
21:19 Medium Warships
25:10 Imperial Age
23:05 Gold Mining
24:49 Ballistics
25:58 Bodkin Arrow
27:23 Horse Collar
28:12 Bracer
30:47 Heavy Cavalry Archer
32:57 Conscription
34:05 Wheelbarrow
33:56 Padded Archer Armor
34:59 Parthian Tactics
36:07 Bloodlines
36:45 Leather Archer Armor
jueaadjx
6:19 Loom
14:14 Feudal Age
19:48 Double-Bit Axe
22:03 Horse Collar
King-WzRun
15:15 Feudal Age
18:52 Castle Age
17:19 Forging
17:36 Gold Mining
17:33 Double-Bit Axe
18:30 Horse Collar
19:55 Medium Warships
20:37 Loom
21:58 Wheelbarrow
21:56 Sanctity
28:13 Hand Cart
28:09 Fletching
28:19 Town Watch
30:21 Fortified Wall
31:35 Ballistics
32:21 Bodkin Arrow
35:44 Imperial Age
33:11 Stone Mining
34:09 Bow Saw
35:05 Padded Archer Armor
36:29 Leather Archer Armor
36:47 Coinage
35:53 Elite Rattan Archer
38:02 Banking
初晴
5:11 Loom
16:19 Feudal Age
20:06 Castle Age
22:38 Wheelbarrow
25:05 Wheelbarrow
31:56 Fishing Lines
33:06 Double-Bit Axe
36:32 Gillnets
38:00 Bow Saw
41:00 Imperial Age
38:48 Hand Cart
38:19 Town Watch
zymini
5:38 Loom
13:01 Feudal Age
13:50 Double-Bit Axe
14:29 Fishing Lines
17:47 Castle Age
16:50 Gold Mining
18:32 Bow Saw
18:38 Medium Warships
18:21 Gillnets
21:23 Wheelbarrow
20:48 Horse Collar
24:15 Scale Barding Armor
24:20 Forging
26:06 Chain Barding Armor
26:10 Hand Cart
27:00 Husbandry
28:18 Bloodlines
28:45 Iron Casting
33:21 Imperial Age
32:02 Heavy Plow
32:16 Stone Mining
33:02 Gold Shaft Mining
33:04 Cavalier
34:31 Plate Barding Armor
34:22 Savar
36:05 Blast Furnace
37:14 Chemistry
Connection lost

Rejoining the realm…

Still unreachable

The connection could not be restored.

Session expired

The server has moved on; the page needs a fresh start.